 Dungeon Crawl Stone Soup version 0.28-a0-802-g09f76e8c00 (webtiles) character file.

Game seed: 8393750215103182456

2902 bjtr the Destroyer (level 10, -7/148 HPs)
             Began as a Human Conjurer on Nov 7, 2021.
             Was a Follower of Vehumet.
             Mangled by Harold (14 damage)
             ... on level 8 of the Dungeon.
             The game lasted 00:35:13 (8860 turns).

bjtr the Destroyer (Human Conjurer)                 Turns: 8860, Time: 00:35:14

Health: -7/148     AC: 25    Str:  9    XL:     10   Next: 6%
Magic:  21/21      EV:  2    Int: 21    God:    Vehumet [*.....]
Gold:   142        SH:  0    Dex: 11    Spells: 16/23 levels left

rFire   + . .      SeeInvis .   s - +1 long sword (venom)
rCold   . . .      Faith    .   (no shield)
rNeg    + . .      Spirit   .   (armour currently unavailable)
rPois   +          Reflect  .   (helmet currently unavailable)
rElec   .          Harm     .   (cloak currently unavailable)
rCorr   .          Rampage  .   (gloves currently unavailable)
Will    .....      NoTele   +   (boots currently unavailable)
Stlth   ..........              o - amulet of the acrobat
HPRegen 0.34/turn               h - ring of positive energy
MPRegen 0.17/turn               m - ring of protection from fire

@: mighty, brilliant, berserking, tree-form, marked, studying Short Blades, very
quick
A: stationary, stasis, torment immunity, boosted hp, (iridescent scales 1)
a: Renounce Religion


You were on level 8 of the Dungeon.
You worshipped Vehumet.
Vehumet was aware of your devotion.
You were a tree.
You visited 2 branches of the dungeon, and saw 9 of its levels.

You collected 142 gold pieces.

Inventory:

Hand Weapons
 f - a +0 scythe of protection
 p - a +0 trident
 s - a +1 long sword of venom (weapon)
 v - a +0 rapier
 y - a +0 war axe
 G - a +2 whip of electrocution
 K - a +0 flail
 L - a +0 hand crossbow
Missiles
 g - 106 bolts
 j - 74 poisoned darts
Armour
 i - the +2 ring mail of Insurance (melded) {Will+ Dex+5}
   (You took it off a kobold brigand on level 7 of the Dungeon)

   Dex:       It affects your dexterity (+5).
   Will:      It increases your willpower.
 r - a +2 robe of cold resistance
 t - a +1 pair of boots (melded)
 u - a +0 scale mail
 D - a +1 helmet (melded)
 F - a +1 cloak (melded)
Jewellery
 h - a ring of positive energy (left branch)
 l - a ring of see invisible
 m - a ring of protection from fire (right branch)
 o - an amulet of the acrobat (around neck)
Wands
 a - a wand of acid (7)
 e - a wand of iceblast (11)
 z - a wand of flame (38)
 E - a wand of paralysis (12)
Scrolls
 b - a scroll of summoning
 n - 2 scrolls of amnesia
 B - a scroll of blinking
 J - 3 scrolls of teleportation
Potions
 c - a potion of ambrosia
 d - 2 potions of lignification
 k - 4 potions of curing
 q - a potion of mutation
 H - a potion of cancellation {unknown}
 I - a potion of invisibility {unknown}


   Skills:
 + Level 1.6 Fighting
 + Level 3.2 Armour
 - Level 2.0 Dodging
 - Level 2.0 Stealth
 + Level 7.4 Spellcasting
 * Level 10.7 Conjurations


You had 16 spell levels left.
You knew the following spells:

 Your Spells              Type           Power      Damage    Failure   Level
a - Magic Dart            Conj           100%       1d8       1%          1
b - Searing Ray           Conj           100%       2d8       1%          2
c - Iskenderun's Mystic   Conj/Tloc      45%        2d10      10%         4

Your spell library contained the following spells:

 Spells                   Type           Power      Damage    Failure   Level
 Sandblast                Erth           22%        2d7       9%          1
 Dazzling Flash           Conj/Hex       90%        N/A       2%          3
 Freeze                   Ice            44%        1d6       9%          1
 Fulminant Prism          Conj/Hex       22%        3d13      10%         4
 Hailstorm                Conj/Ice       45%        3d10      10%         4
 Frozen Ramparts          Ice            22%        1d4       26%         3


Dungeon Overview and Level Annotations

Branches:
Dungeon (8/15)             Temple (1/1) D:6
   Lair: D:8-11

Altars:
Ashenzari
Cheibriados
Dithmenos
Elyvilon
Fedhas
Hepliaklqana
Kikubaaqudgha
Makhleb
Nemelex Xobeh
Okawaru
Qazlal
Ru
Sif Muna
Trog
Uskayaw
Vehumet
Wu Jian
Xom
Yredelemnul
Zin
The Shining One

Annotations:
D:8 Harold


Innate Abilities, Weirdness & Mutations

You are a tree.
Your roots penetrate the ground, keeping you stationary.
You cannot be teleported.
You are immune to unholy pain and torment.
Your maximum health is greatly increased.
Your equipment is partially melded.
((You are partially covered in iridescent scales. (AC +2)))


Message History

You are yanked forward by the harpoon shot.
Harold hits you with a +0 dire flail!
You hit Harold but do no damage. Harold hits you with a +0 dire flail.
Harold hits you with a +0 dire flail!
You closely miss Harold. Harold hits you with a +0 dire flail!
* * * LOW HITPOINT WARNING * * *
Harold gestures at you while chanting. The mark upon you grows brighter.
Unknown command.
It was a potion of lignification.
You turn into a tree.
Your +1 cloak melds into your body.
Your +1 helmet melds into your body.
Your +1 pair of boots melds into your body.
The +2 ring mail of Insurance {Will+ Dex+5} melds into your body.
Your roots penetrate the ground.
Harold hits you with a +0 dire flail.
* * * LOW HITPOINT WARNING * * *
It was a potion of mutation.
You feel extremely strange.
Iridescent scales grow over part of your body.
Harold hits you with a +0 dire flail!
* * * LOW HITPOINT WARNING * * *
Harold hits you but does no damage.
Unknown command.
It was a potion of might.
You feel very mighty all of a sudden. Harold hits you with a +0 dire flail.
* * * LOW HITPOINT WARNING * * *
Unknown command.
It was a potion of flight.
Your roots keep you in place.
Harold hits you with a +0 dire flail.
* * * LOW HITPOINT WARNING * * *
Harold says, "I was hoping my final job would be more of a challenge, but money is money."
Harold hits you but does no damage.
It was a potion of brilliance.
You feel clever all of a sudden. Harold hits you with a +0 dire flail.
* * * LOW HITPOINT WARNING * * *
It was a potion of berserk rage.
A red film seems to cover your vision as you go berserk!
You feel yourself moving faster!
You feel mighty! Harold hits you with a +0 dire flail!
You die...

########
##......##
##........##
#....<.....#
#..........#
#..........#
#...)..(...#
#..........#
##.....♣..##
#.....@..##
#.........(#
#..........#
#................
...............###
##.............#
##............#
#............#


You could see Harold (fast).

Vanquished Creatures
  Pikel (D:4)
  Sigmund (D:6)
  2 water moccasins (D:5)
  A black bear (D:5)
  2 sky beasts (D:5)
  2 centaurs
  2 ogres (D:5)
  3 lemures (D:4)
  A phantom (D:5)
  2 kobold brigands
  A bullfrog (D:6)
  3 scorpions
  A water moccasin skeleton (D:4)
  5 howler monkeys (D:7)
  A hound (D:4)
  2 centaur zombies
  2 jellies
  3 orc priests (D:5)
  A centaur skeleton (D:7)
  4 iguanas
  Natasha (thrice) (D:4)
  6 orc wizards
  Robin (D:4)
  7 adders
  An ufetubus (D:6)
  2 dart slugs
  24 orcs
  7 ball pythons
  6 bats
  6 endoplasms
  2 giant cockroaches (D:2)
  8 goblins
  12 hobgoblins
  4 quokkas
  2 frilled lizards (D:2)
  19 kobolds
  4 rats
154 creatures vanquished.

Notes
Turn   | Place    | Note
-------+----------+-------------------------------------------
     0 | D:1      | bjtr the Human Conjurer began the quest for the Orb.
     0 | D:1      | Reached XP level 1. HP: 13/13 MP: 3/3
   139 | D:1      | Reached XP level 2. HP: 15/19 MP: 1/5
   142 | D:1      | Learned a level 2 spell: Searing Ray
  1111 | D:2      | Reached XP level 3. HP: 24/24 MP: 3/6
  1580 | D:2      | Reached skill level 5 in Conjurations
  1580 | D:2      | Reached XP level 4. HP: 30/30 MP: 3/7
  1787 | D:2      | Found a faded altar of an unknown god.
  2909 | D:3      | Found a burning altar of Makhleb.
  2941 | D:3      | Found a sparkling altar of Nemelex Xobeh.
  3374 | D:4      | Reached XP level 5. HP: 29/35 MP: 5/9
  3483 | D:4      | Noticed a lemure
  3528 | D:4      | Killed a lemure
  3783 | D:4      | Noticed Robin
  3819 | D:4      | Noticed Natasha
  3827 | D:4      | Killed Natasha
  3831 | D:4      | Killed Robin
  3998 | D:4      | Reached skill level 6 in Conjurations
  4086 | D:4      | Reached XP level 6. HP: 32/41 MP: 2/11
  4272 | D:4      | Noticed Pikel
  4284 | D:4      | Killed Pikel
  4285 | D:4      | Reached skill level 7 in Conjurations
  4285 | D:4      | Reached XP level 7. HP: 17/46 MP: 2/14
  4436 | D:4      | Noticed Natasha
  4441 | D:4      | Killed Natasha
  4442 | D:4      | Reached XP level 8. HP: 46/52 MP: 10/15
  4591 | D:4      | Found a snail-covered altar of Cheibriados.
  4691 | D:4      | Noticed Natasha
  4694 | D:4      | Killed Natasha
  4739 | D:5      | Entered Level 5 of the Dungeon
  4851 | D:5      | Reached skill level 5 in Spellcasting
  4851 | D:5      | Reached skill level 8 in Conjurations
  5648 | D:5      | Reached skill level 9 in Conjurations
  5648 | D:5      | Reached XP level 9. HP: 35/57 MP: 10/18
  6281 | D:6      | Reached skill level 1 in Armour
  6409 | D:6      | Found a staircase to the Ecumenical Temple.
  6418 | Temple   | Entered the Ecumenical Temple
  6451 | Temple   | Became a worshipper of Vehumet
  6480 | D:6      | Noticed Sigmund
  6494 | D:6      | Killed Sigmund
  6495 | D:6      | Reached skill level 10 in Conjurations
  6534 | D:6      | Noticed a cyclops
  6833 | D:5      | Reached skill level 1 in Fighting
  7636 | D:6      | Found a shimmering blue altar of Sif Muna.
  7826 | D:7      | Learned a level 4 spell: Iskenderun's Mystic Blast
  7861 | D:7      | Found an iron altar of Okawaru.
  7916 | D:7      | Reached * piety under Vehumet
  7916 | D:7      | Offered knowledge of Sandblast by Vehumet.
  8000 | D:7      | Found a stormy altar of Qazlal.
  8032 | D:7      | Identified the +2 ring mail of Insurance {Will+ Dex+5}
  8157 | D:7      | Reached XP level 10. HP: 55/66 MP: 19/21
  8436 | D:7      | Found a broken altar of Ashenzari.
  8436 | D:7      | Found a white marble altar of Elyvilon.
  8842 | D:8      | Noticed Harold
  8856 | D:8      | Gained mutation: You are partially covered in iridescent
                  | scales. (AC +2) [potion of mutation]
  8859 | D:8      | HP: 4/99 [Harold (5)]
  8860 | D:8      | Mangled by Harold

Illustrated notes

Levels and vault maps discovered:
D:1:      onia_arrival_mini_spirals, layout_basic, minmay_misc_feat_four_crosses
D:2:      layout_loops_cross, ebering_ecumenical_altar_sacrificial
D:3:      layout_loops_ring, mainiacjoe_overflow_two_lobes, minmay_surrounded
D:4:      layout_loops_ring, mainiacjoe_overflow_alcove_2, uniq_pikel,
          uniq_natasha, uniq_robin
D:5:      layout_basic, kennysheep_generic_room_11
D:6:      layout_cave_pools, mainiacjoe_overflow_surrounded_room,
          minmay_temple_entry_antechambers, uniq_sigmund
D:7:      layout_basic, grunt_qazlal_sundering, okawaru_metal_pillars_1_2,
          mainiacjoe_overflow_large_starburst, dk_noncrumbling_2
D:8:      layout_rooms, serial_glass, glass_columns_c, glass_columns_a,
          serial_shops, shop, chequers_arboretum, uniq_harold, uniq_maggie,
          uniq_prince_ribbit1
Temple:   nicolae_temple_god_jail

Skill      XL: |  1  2  3  4  5  6  7  8  9 10 |
---------------+-------------------------------+-----
Conjurations   | 5 6 7 9 10 | 10.7
Spellcasting   | 3 4 6 7 |  7.4
Armour         | 2 3 |  3.2
Fighting       | 1 |  1.6
Dodging        | |  2.0
Stealth        | |  2.0

Action                   |  1- 3 |  4- 6 |  7- 9 | 10-12 || total
-------------------------+-------+-------+-------+-------++-------
Melee: Whip              |    22 |       |       |       ||    22
       Trident           |       |    31 |       |       ||    31
       Long sword        |       |    70 |   106 |    24 ||   200
 Cast: Magic Dart        |    25 |       |       |       ||    25
       Searing Ray       |    10 |    25 |    47 |     1 ||    83
Evoke: Wand              |       |     1 |     1 |       ||     2
  Use: Scroll            |       |    10 |     5 |     2 ||    17
       Potion            |       |       |       |     6 ||     6
 Stab: Sleeping          |       |     3 |     1 |       ||     4
       Paralysed         |       |       |     5 |       ||     5
Armor: Robe              |    14 |       |       |       ||    14
       Leather armour    |       |    39 |       |       ||    39
       Ring mail         |       |    23 |   112 |    30 ||   165
       Skin              |       |       |       |     2 ||     2
Dodge: Dodged            |    18 |    69 |   168 |    30 ||   285

Table legend: (Time is in decaauts)
 A = Elapsed time spent in this place.
 B = Non-inter-level travel time spent in this place.
 C = Inter-level travel time spent in this place.
 D = Time resting spent in this place.
 E = Time spent auto-exploring this place.
 F = Levels seen in this place.
 G = Mean time per level.
                   A        B        C        D        E       F      G
               +--------+--------+--------+--------+--------+-----+--------+
         Total |   8967 |   8690 |    277 |   2684 |   4347 |   9 |  996.3 |
       Dungeon |   8913 |   8648 |    265 |   2684 |   4326 |   8 | 1114.1 |
        Temple |     53 |     41 |     12 |      0 |     21 |   1 |   53.0 |
               +--------+--------+--------+--------+--------+-----+--------+

Top non-repeatable levels by time:
     D:5: 2199 daAuts
     D:4: 1599 daAuts
     D:2: 1165 daAuts
     D:3: 1125 daAuts
     D:7: 1080 daAuts
     D:1: 905 daAuts
     D:6: 808 daAuts
  Temple: 53 daAuts
     D:8: 28 daAuts
